 Dungeon Crawl Stone Soup version 0.22-a0-512-g0943f25562 (webtiles) character file.

611 Anathary the Covert (level 7, -2/46 HPs)
             Began as an Octopode Assassin on June 17, 2018.
             Slain by an ogre
             ... wielding a +0 giant club
              (22 damage)
             ... on level 4 of the Dungeon on June 18, 2018.
             The game lasted 00:19:19 (4377 turns).

Anathary the Covert (Octopode Assassin)             Turns: 4377, Time: 00:19:19

Health: -2/46      AC:  1    Str: 10    XL:     7   Next: 43%
Magic:  7/7        EV: 14    Int: 18    God:
Gold:   159        SH:  0    Dex: 16    Spells: 6/6 levels left

rFire    . . .     SeeInvis .   a - +2 dagger
rCold    . . .     Gourm    .   (no shield)
rNeg     . . .     Faith    .   (helmet restricted)
rPois    .         Spirit   .   (no amulet)
rElec    .         Reflect  .   j - +5 ring of intelligence
rCorr    .         Harm     .   (no ring)
MR       .....                  (no ring)
Stlth    +++++.....             (no ring)
HPRegen  0.15/turn              (no ring)
MPRegen  0.10/turn              (no ring)
                                (no ring)
                                (no ring)

@: no status effects
A: almost no armour, stealthy swim, amphibious, 8 rings, constrict 8, camouflage
1, gelatinous body 1
a: no special abilities


You were on level 4 of the Dungeon.
You were not hungry.

You visited 1 branch of the dungeon, and saw 4 of its levels.

You collected 159 gold pieces.

Inventory:

Hand Weapons
 a - a +2 dagger (weapon)
 b - a +0 blowgun
Missiles
 c - 8 poisoned needles
 d - 2 curare-tipped needles
Jewellery
 j - a +5 ring of intelligence (left tentacle)
Scrolls
 g - 3 scrolls of identify
 h - a scroll of remove curse
 i - 2 scrolls of amnesia {unknown}
 k - a scroll of teleportation {unknown}
 m - 2 scrolls of immolation {unknown}
 n - a scroll of enchant armour {unknown}
 o - a scroll of enchant weapon {unknown}
 s - 2 scrolls of fear {unknown}
Potions
 e - a potion of curing
 l - a potion of heal wounds {unknown}
 p - a potion of haste {unknown}
 q - a potion of agility {unknown}
 r - a potion of invisibility {unknown}
 t - 3 potions of degeneration {unknown}
Comestibles
 f - 2 rations


   Skills:
 + Level 3.4 Fighting
 + Level 4.6 Short Blades
 + Level 2.2 Throwing
 + Level 2.8 Dodging
 + Level 8.9 Stealth


You had 6 spell levels left.
You didn't know any spells.
Your spell library was empty.

Dungeon Overview and Level Annotations

Branches:
Dungeon (4/15)
 Temple: D:4-7

Altars:
Uskayaw
The Shining One


Innate Abilities, Weirdness & Mutations

You cannot wear most types of armour.
You are very stealthy in the water. (Stealth+)
You are amphibious.
You can wear up to eight rings at the same time.
You can use your tentacles to constrict eight enemies at once.
Your skin changes colour to match your surroundings (Stealth+).
Your rubbery body absorbs attacks. (AC +1, EV +1)


Message History

You hit the ogre.
The ogre is lightly wounded.
The ogre closely misses you.
You hit the ogre but do no damage.
The ogre is lightly wounded.
The ogre barely misses you.
You hit the ogre.
The ogre is moderately wounded.
You hit the ogre.
The ogre is moderately wounded.
The ogre hits you with a giant club!
You hit the ogre. You squeeze the ogre!
The ogre is almost dead.
The ogre barely misses you.
You hit the ogre but do no damage. Your squeeze misses the ogre.
The ogre is almost dead.
You barely miss the ogre.
The ogre is almost dead.
The ogre hits you with a giant club!!
You die...

####..## ## #...#####.
#.## ##......#..
#.###..###....#
#......###....## .
#...##.O.......####..
#
#.........###........
##
##.#......###.......#
###.
##†####...###.O@.....#
... #.##
##......##.....# #..
### ##.....## ....###
#.. # ##.....##
#...%..###..#
###..##..#
...........#
###..#####..##.
..####.....### #...##
##.... .# ##.......##
##...## ..## .#
#..........
##...####..###
##..........


You could see an ogre.

Vanquished Creatures
  An ogre (D:4)
  A centaur (D:4)
  A howler monkey (D:4)
  Crazy Yiuf (D:3)
  An orc wizard (D:3)
  An iguana (D:3)
  4 worker ants (D:4)
  Robin (D:2)
  10 adders
  An ooze (D:1)
  3 worms
  3 leopard geckos
  6 orcs
  2 ball pythons
  10 bats
  6 giant cockroaches
  9 hobgoblins
  9 jackals
  8 kobolds
  2 quokkas
  7 frilled lizards
  19 goblins
  13 rats
119 creatures vanquished.

Notes
Turn   | Place    | Note
-------+----------+-------------------------------------------
     0 | D:1      | Anathary the Octopode Assassin began the quest for the Orb.
     0 | D:1      | Reached XP level 1. HP: 14/14 MP: 1/1
   213 | D:1      | Reached XP level 2. HP: 19/19 MP: 2/2
   355 | D:1      | Reached skill level 6 in Stealth
   675 | D:2      | Reached XP level 3. HP: 23/24 MP: 3/3
   713 | D:2      | Found a glowing golden altar of the Shining One.
   834 | D:2      | Noticed Robin
   870 | D:2      | Killed Robin
   870 | D:2      | Reached XP level 4. HP: 20/29 MP: 4/4
   992 | D:2      | Noticed a hand axe
   992 | D:2      | Noticed a hand axe
   997 | D:2      | Found a hide-covered altar of Uskayaw.
  1422 | D:2      | Reached skill level 7 in Stealth
  1750 | D:2      | Reached XP level 5. HP: 28/35 MP: 5/5
  2700 | D:3      | Found a runed door.
  2704 | D:3      | Noticed Crazy Yiuf
  2708 | D:3      | Killed Crazy Yiuf
  2750 | D:3      | Reached XP level 6. HP: 41/41 MP: 6/6
  3761 | D:4      | Reached skill level 8 in Stealth
  4056 | D:4      | Reached XP level 7. HP: 36/46 MP: 7/7
  4377 | D:4      | Slain by an ogre

Vault maps used:
D:1:      denvon_arrival_hothouse
D:2:      dancing_weapons_uskayaw, nicolae_tso_carved_into_rock,
          minmay_quantized, uniq_robin
D:3:      minmay_liquid_box, kennysheep_minor_cross, uniq_crazy_yiuf_cottage
D:4:      first_ration

Skill      XL: |  1  2  3  4  5  6 |
---------------+-------------------+-----
Stealth        | 6 7 8 |  8.9
Short Blades   | 3 4 |  4.6
Dodging        | 2 |  2.8
Fighting       | 3 |  3.4
Throwing       | |  2.2

Action                   |  1- 3 |  4- 6 |  7- 9 || total
-------------------------+-------+-------+-------++-------
Melee: Dagger            |    67 |   160 |    24 ||   251
       Constrict         |    13 |    40 |     4 ||    57
       Tentacles         |     7 |    28 |     6 ||    41
  Use: Potion            |     1 |       |       ||     1
       Scroll            |       |     3 |       ||     3
 Stab: Sleeping          |    13 |    19 |     2 ||    34
  Eat: Ration            |       |     3 |       ||     3
       Chunk             |       |     1 |       ||     1
Armor: Skin              |     7 |     6 |     2 ||    15
Dodge: Dodged            |    24 |    67 |     9 ||   100

Table legend:
 A = Spawn XP
 B = Non-spawn XP
 C = Spawn XP percentage of total XP
 D = Spawn monster count
 E = Non-spawn monster count
 F = Spawn count percentage of total count
 G = Total turns spent on level
                    A         B        C        D         E        F      G
               +---------+---------+-------+---------+---------+-------+---------
         Total |       0 |     873 |   0.0 |       0 |     119 |   0.0 |  4377
               +---------+---------+-------+---------+---------+-------+---------
           D:1 |       0 |      30 |   0.0 |       0 |      15 |   0.0 |   662
           D:2 |       0 |     164 |   0.0 |       0 |      52 |   0.0 |  1728
           D:3 |       0 |     210 |   0.0 |       0 |      34 |   0.0 |  1368
           D:4 |       0 |     469 |   0.0 |       0 |      18 |   0.0 |   619
               +---------+---------+-------+---------+---------+-------+---------
